 Dungeon Crawl Stone Soup version 0.21.1-1-g345015f (webtiles) character file.

828209 glosham the Axe Maniac (level 27, -17/273 HPs)
             Began as a Hill Orc Artificer on Apr 27, 2018.
             Was the Champion of the Shining One.
             Demolished by an Executioner (19 damage)
             ... summoned by Gloorx Vloq
             ... in Pandemonium on Apr 29, 2018.
             The game lasted 17:57:30 (43419 turns).

glosham the Axe Maniac (Hill Orc Artificer)        Turns: 43419, Time: 17:57:31

Health: -17/273    AC: 25    Str: 26      XL:     27
Magic:  0/48       EV: 29    Int: 17 (19) God:    the Shining One [******]
Gold:   2074       SH: 15    Dex: 16      Spells: 6/32 levels left

rFire    . . .     SeeInvis .   a - +9 executioner's axe (holy)
rCold    . . .     Gourm    .   (shield currently unavailable)
rNeg     + + +     Faith    .   X - +5 acid dragon scales "Quisetsi" {Regen+ rCorr MP+9}
rPois    +         Spirit   +   U - +2 hat {MR+}
rElec    .         Reflect  .   Y - scarf {repulsion}
rCorr    +         Harm     .   V - +2 pair of gloves {Dex+3}
MR       +++++                  W - +2 pair of boots {run}
Stlth    ++........             z - amulet of guardian spirit
HPRegen  0.95/turn              A - +6 ring of evasion
MPRegen  0.31/turn              B - ring of the Mage {Wiz MR++ Int+3}

@: brilliant, divine shield, about to teleport, very slightly contaminated,
slowed, glowing, repel missiles, very slow
A: beak, deterioration 2, poison resistance
}: 9/15 runes: decaying, slimy, silver, golden, abyssal, demonic, magical,
fiery, gossamer
a: Divine Shield, Cleansing Flame, Summon Divine Warrior, Renounce Religion


You were in Pandemonium.
You worshipped the Shining One.
The Shining One was exalted by your worship.
You were not hungry.

You visited 12 branches of the dungeon, and saw 54 of its levels.
You visited Pandemonium 2 times, and saw 11 of its levels.
You visited the Abyss 1 time.
You visited 1 bazaar.
You also visited: Trove, Sewer, Ice Cave and Wizlab.

You collected 14347 gold pieces.
You spent 12273 gold pieces at shops.

Inventory:

Hand Weapons
 a - a +9 executioner's axe of holy wrath (weapon)
 b - a +9 executioner's axe of freezing
Armour
 S - +2 fire dragon scales
 U - a +2 hat of magic resistance (worn)
 V - a +2 pair of gloves of dexterity (worn)
 W - a +2 pair of boots of running (worn)
 X - the +5 acid dragon scales "Quisetsi" (worn) {Regen+ rCorr MP+9}
   (You found it in a treasure trove)

   It affects your magic capacity (+9).
   It increases your rate of regeneration.
   It protects you from acid and corrosion.
 Y - a scarf of repulsion (worn)
Magical Staves
 e - an uncursed staff of energy {!a}
 w - an uncursed staff of wizardry {!a}
Jewellery
 z - an amulet of guardian spirit (around neck)
 A - a +6 ring of evasion (left hand)
 B - the ring of the Mage (right hand) {Wiz MR++ Int+3}
   (You found it in a treasure trove)

   [ring of wizardry]

   It improves your spell success rate.
   It affects your intelligence (+3).
   It affects your resistance to hostile enchantments.
 C - an uncursed ring of protection from cold
 D - a ring of the Octopus King {rF+ AC+1 EV+1 Str+1 Int+1 Dex+1}
   (You found it on level 5 of the Vaults)

   [ring of protection from fire]

   It affects your AC (+1).
   It affects your evasion (+1).
   It affects your strength (+1).
   It affects your intelligence (+1).
   It affects your dexterity (+1).
   It protects you from fire.
 F - an uncursed ring of flight
 P - the ring of Liha {rPois MP+9 Str+3}
   (You found it on level 3 of the Spider Nest)

   [ring of magical power]

   It affects your strength (+3).
   It protects you from poison.
   It affects your magic capacity (+9).
Wands
 g - a wand of digging (24)
 h - a wand of paralysis (89)
 i - a wand of polymorph (59)
 j - a wand of flame (151)
 R - a wand of acid (35)
 T - a wand of iceblast (28)
Scrolls
 k - 22 scrolls of teleportation
 l - a scroll of blinking
 m - 5 scrolls of fog
 n - 7 scrolls of fear
 o - 28 scrolls of remove curse
 p - 29 scrolls of identify
 q - 7 scrolls of magic mapping
 Z - a scroll of holy word
Potions
 r - 20 potions of curing
 s - 12 potions of heal wounds
 t - 2 potions of magic
 u - 4 potions of haste
 v - 3 potions of resistance
 x - 5 potions of agility
 y - 4 potions of might
 G - 12 potions of ambrosia
 H - 5 potions of cancellation
 I - 11 potions of brilliance
 J - 11 potions of flight
 K - 7 potions of lignification
 L - 10 potions of mutation {!q}
Miscellaneous
 c - a lightning rod (4/4)
 f - a fan of gales
 M - a lamp of fire
 N - 4 phantom mirrors
 O - 3 boxes of beasts
 Q - 2 sacks of spiders
Comestibles
 d - 53 rations


   Skills:
 O Level 27 Fighting
   Level 1.0 Short Blades
 O Level 27 Axes
 - Level 19.1 Armour
 - Level 14.9 Dodging
 - Level 14.1 Stealth
 - Level 3.0 Spellcasting
 - Level 10.6 Summonings
 - Level 10.9 Translocations
 - Level 1.8 Earth Magic
 * Level 24.7 Invocations
 - Level 15.8 Evocations


You had 6 spell levels left.
You knew the following spells:

 Your Spells              Type           Power        Failure   Level  Hunger
a - Apportation           Tloc           ######       1%          1    None
b - Blink                 Tloc           N/A          1%          2    ##.....
g - Passage of Golubria   Tloc           N/A          1%          4    ####...
j - Aura of Abjuration    Summ           #####.....   1%          5    ######.
l - Lee's Rapid Deconstr  Erth           ###.......   24%         5    ######.
p - Passwall              Tmut/Erth      ###.......   2%          2    ##.....
z - Lesser Beckoning      Tloc           ######....   1%          3    ###....
B - Summon Butterflies    Summ           #####...     1%          1    None
P - Portal Projectile     Hex/Tloc       ####..       1%          3    ###....


Dungeon Overview and Level Annotations

Branches:
Dungeon (15/15)            Temple (1/1) D:5            Lair (6/6) D:9
  Swamp (4/4) Lair:4       Spider (4/4) Lair:3        Slime (5/5) Lair:6
    Orc (2/2) D:10            Elf (3/3) Orc:2        Vaults (5/5) D:14
  Crypt (3/3) Vaults:3       Tomb (3/3) Crypt:3      Depths (3/5) D:15

Altars:
Ashenzari
Cheibriados
Dithmenos
Elyvilon
Fedhas
Gozag
Hepliaklqana
Kikubaaqudgha
Makhleb
Nemelex Xobeh
Okawaru
Qazlal
Ru
Sif Muna
Trog
Uskayaw
Vehumet
Wu Jian
Xom
Yredelemnul
Zin
The Shining One
Beogh
Jiyva

Shops:
D:5 :   D:6 (   D:7 *   D:8 %   D:12 %   Orc:2 ?*!:([   Elf:2 *=%((
Elf:3 ((!(   Vaults:3 ([*?}   Vaults:5 [   Depths:1 *   Depths:2 *

Portals:
Hell: Lair:6 Depths:1 Depths:2 Depths:3
Abyss: Depths:3
Pandemonium: Depths:3
Ziggurat: Depths:2

Annotations:
Pan Gloorx Vloq


Innate Abilities, Weirdness & Mutations

You have a beak for a mouth.
Your body often deteriorates upon taking damage.
Your system is resistant to poisons. (rPois)


Message History

The Executioner closely misses you.
The Executioner completely misses you. x2
Gloorx Vloq calls on the powers of darkness!
Your body is wracked with pain!
* * * LOW HITPOINT WARNING * * *
The Executioner completely misses you.
The Executioner hits you but does no damage. x2
The Executioner closely misses you. You block the Executioner's attack.
The Executioner misses you.
You feel much better.
You are engulfed in dark miasma.
You are poisoned.
You feel your flesh rotting away!
You feel as though you will be slow longer.
* * * LOW HITPOINT WARNING * * *
You feel sick. The Executioner hits you.
* * * LOW HITPOINT WARNING * * *
You block the Executioner's attack. x2; The Executioner completely misses you.
The Executioner hits you but does no damage.
The Executioner completely misses you. x2
The Executioner hits you but does no damage.
The Executioner misses you. You block the Executioner's attack. x2
The Executioner misses you. The Executioner gestures at you.
You resist with almost no effort. The Executioner hits you!
* * * LOW HITPOINT WARNING * * *
The Executioner completely misses you.
The Executioner hits you but does no damage.
Gloorx Vloq calls on the powers of darkness!
You feel a surge of unholy energy.
The Executioner hits you but does no damage.
The Executioner closely misses you. x2; The Executioner hits you.
* * * LOW HITPOINT WARNING * * *
The Executioner completely misses you. x2
You feel better. You block the Executioner's attack.
The Executioner closely misses you. You block the Executioner's attack.
The Executioner hits you!
* * * LOW HITPOINT WARNING * * *
You block the Executioner's attack. The Executioner closely misses you.
The Executioner completely misses you.
The Executioner hits you but does no damage. x2
The Executioner hits you!!
You die...

#..#§.§#1.1#&§§#
#......#.1.§1§§#
#......#.####§##
#......#.# .§#
#........# ....
#§.......# #...#
+&.^.....# #&.#
#11......# ..#
#@.......# ..#
#..#.....#
#..#.....#
#..#.......
#..#...#...
###########


You could see Gloorx Vloq and 2 Executioners.

Vanquished Creatures
  Cerebov (Pan)
  the Royal Jelly (Slime:5)
  A seraph (Pan)
  Lom Lobon (Pan)
  Khufu (Tomb:1)
  An ancient lich (WizLab)
  Mara (Depths:2)
  Mennas (Depths:3)
  Boris (Crypt:2)
  9 greater mummies
  Bai Suzhen (Crypt:3)
  Saint Roka (Elf:3)
  Margery (Vaults:2)
  Xtahua (Depths:3)
  4 golden dragons
  Jory (Vaults:3)
  Nikola (Depths:1)
  2 profane servitors
  2 pearl dragons (Pan)
  A bone dragon (Crypt:3)
  2 Brimstone Fiends (Pan)
  Jorgrun (Tomb:1)
  2 Hell Sentinels (Pan)
  3 liches
  2 tentacled monstrosities (Vaults:5)
  15 titans
  A quicksilver dragon (Vaults:5)
  8 deep elf blademasters
  16 sphinxes
  23 acid blobs
  9 Executioners (Pan)
  2 tentacled starspawn (Abyss:1)
  6 ancient champions
  6 deep elf master archers
  The ghost of Verendum the Tortoise, an adept GrAK of Lugonu (Vaults:3)
  A shadow dragon (Vaults:5)
  Gastronok (Lair:1)
  Donald (Crypt:2)
  3 storm dragons
  13 azure jellies
  5 tengu reavers
  11 daevas (Pan)
  6 revenants
  13 fire giants
  3 deep elf sorcerers (Elf:3)
  17 vault wardens
  A draconian scorcher (Abyss:2)
  9 emperor scorpions
  9 frost giants
  6 ghost moths (Spider:4)
  3 curse skulls
  A draconian knight (Abyss:1)
  An iron dragon (Vaults:5)
  15 balrugs (Pan)
  17 angels
  A cacodemon (Pan)
  2 warmongers (Pan)
  17 ghouls
  5 deep elf elementalists
  4 draconian annihilators (Pan)
  3 entropy weavers
  15 ironheart preservers
  38 stone giants
  4 reapers
  4 very ugly things
  3 war gargoyles
  4 vampire knights
  12 ophanim (Pan)
  3 blood saints (Pan)
  5 deep elf demonologists
  4 corrupters (Pan)
  A black sun (Pan)
  20 apis (Pan)
  2 lorocyprocas (Pan)
  6 deep elf annihilators
  2 red draconians (Crypt:1)
  2 bennus (Tomb:2)
  A yellow draconian (Vaults:4)
  2 purple draconians
  5 dire elephants (Depths:2)
  4 spark wasps
  Azrael (Elf:1)
  2 white draconians (Crypt:1)
  2 eidola
  7 green deaths (Pan)
  5 fire dragons
  9 deep elf death magi
  10 ettins
  6 death oozes
  18 jiangshi
  19 mummy priests
  10 yaktaur captains
  14 great orbs of eyes
  20 hydras
  7 deep elf high priests
  27 vault guards
  6 ice dragons
  2 monstrous demonspawn (Pan)
  5 rakshasas
  3 spriggan air magi (Depths:2)
  11 centaur warriors
  2 quicksilver dragon skeletons
  A juggernaut simulacrum (Pan)
  An anaconda (shapeshifter) (Vaults:5)
  2 catoblepae (Abyss:3)
  An alligator (Swamp:2)
  29 dancing weapons
  60 two-headed ogres
  18 ogre magi
  6 death knights
  3 deep troll earth magi
  2 deep troll shamans
  A queen ant (shapeshifter) (Vaults:5)
  A spectral stone giant (Crypt:3)
  5 vampire magi
  61 death scarabs
  2 tengu warriors (Depths:2)
  A titan zombie (Tomb:1)
  A thrashing horror (Abyss:3)
  A spriggan berserker (Depths:2)
  28 deep elf knights
  15 sun demons
  4 wretched stars (Abyss:1)
  A titan skeleton (Tomb:1)
  13 small abominations
  2 soul eaters
  2 spriggan druids (Swamp:4)
  63 skeletal warriors
  A storm dragon zombie (Crypt:1)
  6 shadow wraiths
  13 hell knights
  An anaconda zombie (Crypt:1)
  2 golden dragon zombies
  11 sixfirhies (Pan)
  13 cherubim (Pan)
  3 death drakes
  2 infernal demonspawn (Pan)
  14 deep trolls
  2 gelid demonspawn (Pan)
  2 shambling mangroves
  9 wizards
  3 torturous demonspawn
  2 flayed ghosts
  30 deep elf archers
  7 glowing orange brains
  7 swamp dragons (Swamp:4)
  2 golden dragon skeletons
  9 orc knights
  10 necromancers
  The ghost of Agrougrou the Archer, a novice CeAM (D:7)
  A shadow dragon zombie (Tomb:2)
  37 ugly things
  3 harpies (shapeshifter)
  15 ironbrand convokers
  2 manticores (D:15)
  5 orb spiders
  78 deep elf magi
  3 phantasmal warriors
  5 orc sorcerers
  9 wolf spider zombies
  A stone giant zombie (Crypt:1)
  A shadow dragon skeleton (Tomb:1)
  2 worldbinders (Abyss:1)
  A shining eye (Slime:5)
  10 wolf spiders
  7 cyclopes
  6 elephants (Lair:6)
  2 apocalypse crabs (Abyss:3)
  A salamander (shapeshifter) (D:15)
  2 ice statues (IceCv)
  3 black mambas
  2 rust devils (Pan)
  12 smoke demons
  A stone giant skeleton (Crypt:1)
  A black mamba (shapeshifter) (D:15)
  An eye of devastation (shapeshifter) (Depths:2)
  8 eyes of devastation
  11 vault sentinels
  9 orange demons
  9 large abominations
  3 gargoyles
  2 spiny frogs (shapeshifter)
  5 spectral swamp worms (Depths:3)
  3 kobold demonologists
  A catoblepas zombie (Tomb:2)
  A pale draconian zombie (Crypt:2)
  9 spiny frogs
  3 efreet
  11 redback zombies (Spider:3)
  7 freezing wraiths
  A yaktaur (shapeshifter) (D:15)
  60 yaktaurs
  A rime drake (shapeshifter) (D:15)
  2 hellions (Pan)
  8 komodo dragons
  3 rime drakes (Lair:6)
  17 hellwings
  11 demonic crawlers
  A hydra zombie (Abyss:1)
  10 ice devils
  3 ancient zymes
  A tormentor (Depths:3)
  13 red devils
  3 tengu conjurers
  7 catoblepas skeletons (Abyss:3)
  2 harpy zombies
  26 guardian mummies
  17 trolls
  A polar bear (shapeshifter) (Vaults:5)
  A silent spectre (Abyss:1)
  2 polar bears
  2 tyrant leeches
  A raiju (Abyss:3)
  6 jumping spiders
  19 hornets
  A troll (shapeshifter) (Vaults:2)
  A raiju (shapeshifter) (Depths:2)
  A slime creature (shapeshifter) (Vaults:5)
  A minotaur skeleton (Crypt:1)
  8 tarantella zombies (Spider:3)
  98 slime creatures
  6 hippogriffs
  4 bog bodies
  An alligator zombie (Crypt:3)
  10 blink frogs
  A meliai zombie (D:10)
  5 dream sheep (Lair:6)
  7 spriggans
  81 flying skulls
  4 air elementals
  3 wyverns
  8 tarantellas
  32 yaks
  9 ynoxinuls
  A spriggan (shapeshifter) (Vaults:3)
  4 vampires
  18 redbacks
  4 fire bats (Pan)
  A tarantella (shapeshifter) (Vaults:5)
  14 wraiths
  4 shadows (Crypt:3)
  An ice dragon skeleton (Pan)
  6 ushabtiu
  A yak (shapeshifter) (Abyss:1)
  2 humans (shapeshifter)
  5 water elementals
  A hungry ghost (D:12)
  A hog (shapeshifter) (Abyss:1)
  A human (Spider:4)
  14 golden eyes
  6 basilisks
  15 vampire mosquitoes
  A steam dragon (D:10)
  4 fire elementals
  2 chaos spawn
  4 neqoxecs
  4 two-headed ogre zombies
  2 acid dragons
  3 insubstantial wisps (Swamp:2)
  9 swamp worms
  3 wargs
  2 soldier ants (D:13)
  A soldier ant (shapeshifter) (Vaults:1)
  2 floating eyes
  17 water moccasins
  Duvessa (D:7)
  9 hell hounds
  9 swamp drakes
  23 orc warriors
  3 porcupines (Lair:2)
  A black bear (D:7)
  A sky beast (D:9)
  3 ice beasts
  62 ogres
  10 necrophages
  2 phantoms
  14 boggarts
  8 eyes of draining
  2 centaurs (shapeshifter)
  A tengu (Lair:1)
  A snapping turtle skeleton (Tomb:2)
  13 wolves
  19 centaurs
  10 crocodiles
  3 big kobolds
  12 bullfrogs
  A wyvern zombie (D:14)
  16 earth elementals
  A water moccasin zombie (D:9)
  2 water moccasin skeletons
  7 scorpions
  10 troll zombies (WizLab)
  13 killer bees
  A spriggan zombie (Crypt:1)
  32 wights
  A spriggan skeleton (Tomb:2)
  4 electric eels
  4 howler monkeys
  23 crimson imps
  A bullfrog zombie (D:8)
  A centaur zombie (D:12)
  10 starcursed masses
  A quasit (Abyss:2)
  5 hounds
  12 orc priests
  5 bullfrog skeletons
  25 orc wizards
  A gnoll shaman (D:8)
  9 centaur skeletons
  3 jellies
  7 iron imps
  Jessica (D:3)
  An iguana (D:8)
  Ijyb (D:4)
  Natasha (D:2)
  29 worker ants
  A porcupine zombie (Crypt:2)
  6 hell rats (Lair:5)
  A killer bee zombie (D:5)
  5 ogre zombies (WizLab)
  A felid skeleton (Crypt:1)
  34 mummies
  A howler monkey zombie (Crypt:2)
  2 worker ant zombies
  Robin (D:1)
  6 gnolls
  2 howler monkey skeletons
  15 adders
  7 river rats
  14 shadow imps
  28 white imps
  9 ufetubi
  2 adder skeletons
  2 worms
  3 dart slugs
  7 leopard geckos
  88 orcs
  2 bat zombies
  9 giant cockroaches
  11 goblins
  8 hobgoblins
  17 jackals
  24 kobolds
  4 quokkas
  11 ball pythons
  9 bats
  10 frilled lizards
  A quokka zombie (D:7)
  31 rats
  2 fungi (Lair:6)
  A plant (Lair:5)
2850 creatures vanquished.

Vanquished Creatures (collateral kills)
  A pandemonium lord (Pan)
  An ophan (Pan)
  3 shining eyes
  A neqoxec (Pan)
  3 jackals (D:3)
  A kobold (D:3)
10 creatures vanquished.

Vanquished Creatures (others)
  A lich (Tomb:2)
  28 death scarabs
  A hell knight (Depths:3)
  A skeletal warrior (Tomb:2)
  A deep elf archer (WizLab)
  An orb spider (Spider:4)
  2 yaktaurs (Vaults:1)
  2 guardian mummies
  A bog body (Crypt:2)
  2 flying skulls (Tomb:3)
  Dowan (D:7)
  An orc priest (Elf:3)
  3 white imps (IceCv)
  5 ufetubi (IceCv)
  5 fungi (Lair:6)
  A plant (D:9)
  4 starspawn tentacles (Abyss:1)
  17 toadstools (Lair:2)
77 creatures vanquished.

Grand Total: 2937 creatures vanquished

Notes
Turn   | Place    | Note
-------+----------+-------------------------------------------
     0 | D:1      | glosham the Hill Orc Artificer began the quest for the Orb.
     0 | D:1      | Reached XP level 1. HP: 16/16 MP: 3/3
    13 | D:3      | Noticed a worker ant
    54 | D:3      | Reached skill level 2 in Fighting
    87 | D:3      | Reached XP level 2. HP: 9/25 MP: 4/4
   176 | D:3      | Reached skill level 3 in Fighting
   176 | D:3      | Reached XP level 3. HP: 20/33 MP: 5/5
   256 | D:2      | Found a faded altar of an unknown god.
   300 | D:2      | Reached skill level 4 in Fighting
   349 | D:2      | Noticed Robin
   385 | D:1      | Killed Robin
   419 | D:2      | Reached XP level 4. HP: 22/41 MP: 6/6
   558 | D:1      | Reached skill level 1 in Armour
  1025 | D:2      | Reached skill level 5 in Fighting
  1085 | D:2      | Reached XP level 5. HP: 48/48 MP: 7/7
  1141 | D:2      | Noticed Natasha
  1144 | D:2      | Killed Natasha
  1144 | D:2      | Reached skill level 2 in Armour
  1532 | D:3      | Found a deep blue altar of Sif Muna.
  1543 | D:3      | Reached skill level 6 in Fighting
  1543 | D:3      | Reached XP level 6. HP: 35/57 MP: 8/8
  1563 | D:3      | Noticed Jessica
  1582 | D:3      | Killed Jessica
  1892 | D:4      | Reached skill level 3 in Armour
  1914 | D:4      | Noticed Ijyb
  1988 | D:4      | Reached skill level 2 in Axes
  2052 | D:4      | Got a steaming short sword
  2053 | D:4      | Found an iron altar of Okawaru.
  2061 | D:4      | Became a worshipper of Warmaster Okawaru
  2208 | D:3      | Reached skill level 3 in Axes
  2479 | D:4      | Reached skill level 4 in Axes
  2479 | D:4      | Reached XP level 7. HP: 64/64 MP: 9/9
  2546 | D:4      | Killed Ijyb
  2746 | D:5      | Entered Level 5 of the Dungeon
  2751 | D:5      | Reached skill level 5 in Axes
  2755 | D:5      | Found a shattered altar of Ashenzari.
  2759 | D:5      | Identified the +7 short sword of Defence {vamp, +Fly rC+ MP+9 Int+2} (You found it on level 4 of the Dungeon)
  2812 | D:5      | Found a glowing drain.
  2815 | D:5      | Reached skill level 7 in Fighting
  2831 | Sewer    | Entered a sewer
  2854 | Sewer    | Reached * piety under Okawaru
  3108 | Sewer    | Reached skill level 8 in Fighting
  3140 | Sewer    | Reached XP level 8. HP: 75/75 MP: 10/10
  3220 | D:5      | Learned a level 1 spell: Apportation
  3222 | D:5      | Learned a level 1 spell: Animate Skeleton
  3331 | D:5      | Found a staircase to the Ecumenical Temple.
  3402 | D:5      | Got a pair of crude gloves
  3413 | D:5      | Identified the +0 pair of gloves of the Merchant {Dex+5} (You found it on level 5 of the Dungeon)
  3485 | D:5      | Reached skill level 9 in Fighting
  3620 | D:5      | Found Licoinag's Book Shoppe.
  3676 | D:6      | Reached ** piety under Okawaru
  3676 | D:6      | Reached skill level 10 in Fighting
  3939 | D:6      | Found Ulusyo's Weapon Shop.
  3990 | D:6      | Reached skill level 11 in Fighting
  4102 | D:7      | Reached XP level 9. HP: 89/89 MP: 11/11
  4111 | D:7      | Reached skill level 6 in Axes
  4126 | D:7      | Found Aphyut's General Store.
  4148 | D:7      | Reached *** piety under Okawaru
  4168 | D:7      | Found a burning altar of Makhleb.
  4174 | D:7      | Found an opulent altar of Gozag.
  4174 | D:7      | Found a shimmering altar of Xom.
  4174 | D:7      | Found an ornate altar of the Wu Jian Council.
  4177 | D:7      | Found a bloodstained altar of Trog.
  4236 | D:7      | Reached skill level 7 in Axes
  4240 | D:7      | Noticed Dowan
  4241 | D:7      | Noticed Duvessa
  4325 | D:7      | Found a shadowy altar of Dithmenos.
  4363 | D:7      | Killed Duvessa
  4363 | D:7      | Reached skill level 8 in Axes
  4366 | D:7      | Noticed Agrougrou's ghost (novice CeAM)
  4376 | D:7      | Your ally died
  4391 | D:7      | Killed Agrougrou's ghost
  4391 | D:7      | Reached **** piety under Okawaru
  4391 | D:7      | Reached skill level 9 in Axes
  4476 | D:7      | Reached skill level 10 in Axes
  4644 | D:7      | Reached skill level 11 in Axes
  4988 | D:8      | Reached XP level 10. HP: 77/96 MP: 12/12
  5163 | D:8      | Reached skill level 12 in Axes
  5330 | D:8      | Found Bynesk's Food Shop.
  5642 | D:8      | Reached ***** piety under Okawaru
  5756 | D:9      | Reached skill level 13 in Axes
  5906 | D:9      | Found a snail-covered altar of Cheibriados.
  5970 | D:9      | Noticed a two-headed ogre
  5979 | D:9      | Killed a two-headed ogre
  5979 | D:9      | Received a gift from Okawaru
  5979 | D:9      | Reached skill level 14 in Axes
  6107 | D:9      | Got a smoking helmet
  6113 | D:9      | Identified the cursed -7 helmet of the Turtledove {Regen+ Int+3} (You found it on level 9 of the Dungeon)
  6170 | D:9      | Found a hide-covered altar of Uskayaw.
  6325 | D:9      | Found a staircase to the Lair.
  6450 | D:9      | Noticed a two-headed ogre
  6456 | D:9      | Killed a two-headed ogre
  6456 | D:9      | Reached skill level 15 in Axes
  6539 | Lair:1   | Entered Level 1 of the Lair of Beasts
  6675 | Lair:1   | Noticed a spiny frog
  6681 | Lair:1   | Killed a spiny frog
  6681 | Lair:1   | Reached XP level 11. HP: 102/102 MP: 13/13
  6768 | Lair:1   | Reached skill level 16 in Axes
  7054 | Lair:1   | Noticed Gastronok
  7076 | Lair:1   | Killed Gastronok
  7076 | Lair:1   | Reached skill level 17 in Axes
  7264 | D:10     | Entered Level 10 of the Dungeon
  7347 | D:10     | Received a gift from Okawaru
  7383 | D:10     | Reached skill level 18 in Axes
  7407 | D:10     | Noticed a two-headed ogre
  7417 | D:10     | Killed a two-headed ogre
  7461 | D:10     | Noticed a two-headed ogre
  7471 | D:10     | Killed a two-headed ogre
  7717 | D:10     | Found a radiant altar of Vehumet.
  7963 | D:10     | Reached XP level 12. HP: 68/110 MP: 14/14
  7966 | D:10     | Found a staircase to the Orcish Mines.
  7979 | Orc:1    | Entered Level 1 of the Orcish Mines
  8137 | Orc:1    | Found a frozen archway.
  8199 | IceCv    | Entered an ice cave
  8284 | IceCv    | Reached skill level 2 in Invocations
  8294 | IceCv    | Reached skill level 3 in Invocations
  8335 | IceCv    | Reached skill level 19 in Axes
  8583 | IceCv    | Reached ****** piety under Okawaru
  8617 | IceCv    | Received a gift from Okawaru
  8683 | IceCv    | Noticed a reaper
  8711 | IceCv    | Killed a reaper
  8809 | IceCv    | Identified An Initiation to Sorcery
  8818 | IceCv    | Identified the +1 demon blade "Brush" {vamp, rPois Dex+3} (You found it in an ice cave)
  9204 | Lair:2   | Noticed an eight-headed hydra
  9217 | Lair:2   | Killed a two-headed hydra
  9217 | Lair:2   | Reached skill level 20 in Axes
  9316 | Lair:2   | Noticed a seven-headed hydra
  9322 | Lair:2   | Killed a six-headed hydra
  9423 | Lair:2   | Received a gift from Okawaru
  9550 | Lair:2   | Noticed a seven-headed hydra
  9564 | Lair:2   | Killed a two-headed hydra
  9564 | Lair:2   | Reached skill level 21 in Axes
  9679 | Lair:2   | Found a blossoming altar of Fedhas.
 10033 | Lair:3   | Found a hole to the Spider Nest.
 10105 | Lair:3   | Reached XP level 13. HP: 104/116 MP: 15/15
 10225 | Lair:3   | Received a gift from Okawaru
 10430 | Lair:4   | Reached skill level 22 in Axes
 10667 | Lair:4   | Found a staircase to the Swamp.
 10722 | Lair:4   | You fall through a shaft for 2 floors!
 10722 | Lair:6   | Entered Level 6 of the Lair of Beasts
 10765 | Lair:6   | Reached skill level 4 in Invocations
 10790 | Lair:6   | Reached skill level 4 in Armour
 10916 | Lair:6   | Received a gift from Okawaru
 10916 | Lair:6   | Reached skill level 12 in Fighting
 10919 | Lair:6   | Identified the +4 ring mail of Woacvolyts {*Slow rN++ Str+4 Int+2} (Okawaru gifted it to you on level 6 of the Lair of Beasts)
 10949 | Lair:6   | Reached skill level 5 in Invocations
 10996 | Lair:6   | Reached skill level 5 in Armour
 11142 | Lair:6   | Found a viscous altar of Jiyva.
 11142 | Lair:6   | Found a staircase to the Slime Pits.
 11222 | Lair:6   | Reached skill level 6 in Invocations
 11334 | Lair:6   | Reached skill level 13 in Fighting
 11503 | Lair:6   | Reached skill level 6 in Armour
 11516 | Lair:6   | Found a burning altar of Makhleb.
 11529 | Lair:6   | Received a gift from Okawaru
 11530 | Lair:6   | Identified the +5 quick blade "Zuqinos" {antimagic, +Rage Str+2} (Okawaru gifted it to you on level 6 of the Lair of Beasts)
 11558 | Lair:6   | Reached skill level 7 in Invocations
 11558 | Lair:6   | Reached XP level 14. HP: 97/129 MP: 19/19
 11665 | Lair:6   | Found a gateway to Hell.
 11737 | Lair:5   | Noticed Nessos
 11739 | Lair:5   | Noticed Nessos
 11739 | Lair:5   | Nessos changed into Nessos the death drake
 11747 | Lair:5   | Killed Nessos the death drake
 11935 | Lair:5   | Reached skill level 2 in Dodging
 12489 | Orc:2    | Entered Level 2 of the Orcish Mines
 12505 | Orc:2    | Found Ucomoaj's Assorted Antiques.
 12672 | Orc:2    | Found a staircase to the Elven Halls.
 12691 | Orc:2    | Found Suxkioti's Magic Scroll Emporium.
 12699 | Orc:2    | Bought a scroll of enchant weapon for 285 gold pieces
 12699 | Orc:2    | Bought a shiny helmet for 285 gold pieces
 12701 | Orc:2    | Bought a scroll of enchant armour for 127 gold pieces
 12701 | Orc:2    | Bought a scroll of enchant weapon for 127 gold pieces
 12797 | Orc:2    | Reached skill level 14 in Fighting
 12804 | Orc:2    | Found a roughly hewn altar of Beogh.
 12900 | Orc:2    | Reached skill level 7 in Armour
 12964 | Orc:2    | Received a gift from Okawaru
 13003 | Orc:2    | Reached skill level 3 in Dodging
 13059 | Orc:2    | Found Tijiet's Book Shoppe.
 13059 | Orc:2    | Found Nisix's Antique Armour Emporium.
 13132 | Orc:2    | Found Fuetega's Distillery.
 13141 | Orc:2    | Found Nynec's Antique Weapon Shoppe.
 13163 | Orc:2    | Bought a manual of Fighting for 1435 gold pieces
 13235 | Orc:2    | Reached skill level 15 in Fighting
 13476 | D:11     | Received a gift from Okawaru
 13622 | D:11     | Reached skill level 16 in Fighting
 13985 | D:11     | Identified the +3 leather armour "Wuranow" {rN+ MR+ Dex+3 Stlth-} (You found it on level 11 of the Dungeon)
 14045 | D:12     | Reached XP level 15. HP: 145/145 MP: 20/20
 14098 | D:12     | Identified a scroll of acquirement
 14112 | D:12     | Found Rucoch's Food Boutique.
 14130 | D:12     | Reached skill level 17 in Fighting
 14550 | Orc:2    | Bought an encrusted battleaxe for 310 gold pieces
 14550 | Orc:2    | Bought a steaming longbow for 256 gold pieces
 14550 | Orc:2    | Identified the +8 battleaxe "Qinucs" {chop, rF+ MR- Int+2 SInv} (You bought it in a shop on level 2 of the Orcish Mines)
 14551 | Orc:2    | Identified the cursed +1 longbow of Yvoec {flame, +Fly Int+3} (You bought it in a shop on level 2 of the Orcish Mines)
 14600 | Orc:2    | Bought a scroll of identify for 34 gold pieces
 14600 | Orc:2    | Bought a scroll of identify for 34 gold pieces
 14600 | Orc:2    | Bought a scroll of identify for 34 gold pieces
 14600 | Orc:2    | Bought a scroll of identify for 34 gold pieces
 14600 | Orc:2    | Bought 2 scrolls of identify for 68 gold pieces
 14976 | D:13     | Reached skill level 18 in Fighting
 15445 | D:14     | Reached skill level 19 in Fighting
 15452 | D:14     | Found a burning altar of Makhleb.
 15877 | D:14     | Received a gift from Okawaru
 15940 | D:14     | Found a gate to the Vaults.
 16155 | D:15     | Entered Level 15 of the Dungeon
 16165 | D:15     | Reached skill level 23 in Axes
 16324 | D:15     | Received a gift from Okawaru
 16327 | D:15     | Identified the +5 battleaxe of the Water Diviner {antimagic, *Contam rPois rF+++ rC+} (Okawaru gifted it to you on level 15 of the Dungeon)
 16826 | D:15     | Reached skill level 24 in Axes
 16830 | D:15     | Found a staircase to the Depths.
 16902 | D:15     | Reached XP level 16. HP: 162/162 MP: 21/21
 17201 | Elf:1    | Entered Level 1 of the Elven Halls
 17227 | Elf:1    | Received a gift from Okawaru
 17706 | Elf:1    | Reached skill level 25 in Axes
 17883 | Elf:1    | Noticed Azrael
 17900 | Elf:1    | Killed Azrael
 17966 | Elf:1    | Received a gift from Okawaru
 18117 | Elf:2    | Found Acovi's Food Boutique.
 18128 | Elf:2    | Found Eseg's Antique Weapon Boutique.
 18139 | Elf:2    | Received a gift from Okawaru
 18148 | Elf:2    | Found Qosupoze's Jewellery Boutique.
 18149 | Elf:2    | Found Xicin's General Store.
 18191 | Elf:2    | Reached skill level 26 in Axes
 18352 | Elf:2    | Received a gift from Okawaru
 18536 | Elf:2    | Found Plog's Weapon Shop.
 18813 | Elf:2    | Reached XP level 17. HP: 170/170 MP: 22/22
 18821 | Elf:2    | Found a huge runed gate.
 18821 | Elf:2    | Found a huge runed gate.
 18821 | Elf:2    | Found a huge runed gate.
 18823 | Elf:2    | Found a huge runed gate.
 18862 | Elf:2    | Received a gift from Okawaru
 18960 | Elf:2    | Reached skill level 27 in Axes
 18987 | Elf:2    | Reached skill level 8 in Armour
 18987 | Elf:2    | Reached skill level 8 in Invocations
 19143 | Elf:2    | Reached skill level 20 in Fighting
 19274 | Elf:3    | Entered Level 3 of the Elven Halls
 19344 | Elf:3    | Found Yplijopp's Weapon Emporium.
 19353 | Elf:3    | Found Siuwk's Antique Weapon Emporium.
 19473 | Elf:3    | Found Plog's Distillery.
 19600 | Elf:3    | Found a portal to a secret trove of treasure.
 19700 | Elf:3    | Reached skill level 9 in Invocations
 19736 | Elf:3    | Received a gift from Okawaru
 19824 | Elf:3    | Found Roxzyohe's Antique Weapon Shoppe.
 20082 | Elf:3    | Reached skill level 9 in Armour
 20128 | Elf:3    | Noticed a deep elf blademaster
 20133 | Elf:3    | Killed a deep elf blademaster
 20168 | Elf:3    | Noticed a deep elf blademaster
 20174 | Elf:3    | Noticed a deep elf blademaster
 20174 | Elf:3    | Killed a deep elf blademaster
 20174 | Elf:3    | Reached skill level 10 in Invocations
 20190 | Elf:3    | Killed a deep elf blademaster
 20192 | Elf:3    | Noticed a deep elf master archer
 20193 | Elf:3    | Noticed a deep elf master archer
 20237 | Elf:3    | Killed a deep elf master archer
 20237 | Elf:3    | Received a gift from Okawaru
 20396 | Elf:3    | Reached skill level 21 in Fighting
 20408 | Elf:3    | Killed a deep elf master archer
 20408 | Elf:3    | Reached XP level 18. HP: 53/182 MP: 18/25
 20562 | Elf:3    | Reached skill level 10 in Armour
 20683 | Elf:3    | Noticed a deep elf blademaster
 20700 | Elf:3    | Killed a deep elf blademaster
 20742 | Elf:3    | Noticed Saint Roka
 20758 | Elf:3    | Killed Saint Roka
 20758 | Elf:3    | Received a gift from Okawaru
 20758 | Elf:3    | Reached skill level 11 in Invocations
 20771 | Elf:3    | Identified the amulet "Rikhlor" {Regen+ Int+4} (You took it off a deep elf mage on level 3 of the Elven Halls)
 20886 | Elf:3    | Identified the cursed +1 war axe of Deqef {chop, *Noise rPois rN++ Int+2} (You took it off a deep elf sorcerer on level 3 of the Elven Halls)
 20912 | Elf:3    | Noticed an Ice Fiend
 20918 | Elf:3    | Identified the ring "Modu" {*Corrode +Fly rC+ Dex+7} (You took it off a deep elf demonologist on level 3 of the Elven Halls)
 20965 | Elf:3    | Identified the cursed +0 robe of Sikeg {SInv} (You took it off a deep elf mage on level 3 of the Elven Halls)
 20986 | Elf:3    | Identified the Volume of Conjuration
 21135 | Elf:3    | Bought a potion of heal wounds for 85 gold pieces
 21135 | Elf:3    | Bought a potion of haste for 170 gold pieces
 21280 | Orc:2    | Learned a level 2 spell: Passwall
 21286 | Orc:2    | Learned a level 5 spell: Lee's Rapid Deconstruction
 21287 | Orc:2    | Bought a manual of Translocations for 1435 gold pieces
 21518 | D:3      | Identified Sif Muna's Compendium of Conjuration
 21571 | D:5      | Bought a book of Minor Magic for 260 gold pieces
 21571 | D:5      | Bought a book of Necromancy for 390 gold pieces
 21574 | D:5      | Learned a level 2 spell: Blink
 21578 | D:5      | Learned a level 3 spell: Regeneration
 21628 | D:7      | Bought a scroll of teleportation for 39 gold pieces
 21628 | D:7      | Bought a scroll of teleportation for 39 gold pieces
 21628 | D:7      | Bought a scroll of fog for 26 gold pieces
 21968 | Spider:1 | Entered Level 1 of the Spider Nest
 22009 | Spider:1 | Reached skill level 1 in Translocations
 22078 | Spider:2 | Reached skill level 2 in Translocations
 22115 | Spider:3 | Reached skill level 3 in Translocations
 22142 | Spider:3 | Reached skill level 4 in Translocations
 22192 | Spider:3 | Reached skill level 5 in Translocations
 22283 | Spider:3 | Reached skill level 6 in Translocations
 22289 | Spider:3 | Identified the ring of Liha {rPois MP+9 Str+3} (You found it on level 3 of the Spider Nest)
 22314 | Spider:4 | Entered Level 4 of the Spider Nest
 22372 | Spider:4 | Reached skill level 7 in Translocations
 22691 | Spider:4 | Received a gift from Okawaru
 22691 | Spider:4 | Reached skill level 8 in Translocations
 22837 | Spider:4 | Reached skill level 9 in Translocations
 22986 | Spider:4 | Reached skill level 10 in Translocations
 23005 | Spider:4 | Received a gift from Okawaru
 23019 | Spider:4 | Reached XP level 19. HP: 123/191 MP: 0/27
 23058 | Spider:4 | Got a gossamer rune of Zot
 23260 | Swamp:1  | Entered Level 1 of the Swamp
 23445 | Swamp:4  | Entered Level 4 of the Swamp
 23451 | Swamp:4  | Learned a level 1 spell: Summon Butterflies
 23455 | Swamp:4  | Learned a level 3 spell: Lesser Beckoning
 23576 | Swamp:4  | Reached skill level 22 in Fighting
 23934 | Swamp:4  | Paralysed by a hornet for 2 turns
 23958 | Swamp:4  | Reached skill level 1 in Spellcasting
 23974 | Swamp:4  | Reached skill level 4 in Evocations
 23991 | Swamp:4  | Reached skill level 11 in Armour
 24051 | Swamp:4  | Reached skill level 4 in Dodging
 24135 | Swamp:4  | Got a decaying rune of Zot
 24523 | Vaults:1 | Entered Level 1 of the Vaults
 24572 | Vaults:1 | Reached skill level 2 in Spellcasting
 24609 | Vaults:1 | Reached skill level 5 in Evocations
 24628 | Vaults:1 | Received a gift from Okawaru
 24925 | Vaults:1 | Received a gift from Okawaru
 24929 | Vaults:1 | Reached skill level 6 in Evocations
 25001 | Vaults:1 | Reached XP level 20. HP: 91/202 MP: 28/28
 25026 | Vaults:1 | Reached skill level 12 in Armour
 25032 | Vaults:1 | Reached skill level 23 in Fighting
 25095 | Vaults:1 | Found a flickering gateway to a bazaar.
 25115 | Vaults:1 | Identified a +2 pair of boots of running (Okawaru gifted it to you on level 1 of the Vaults)
 25119 | Bazaar   | Entered a bazaar
 25119 | Bazaar   | Found Meerph's Distillery.
 25129 | Bazaar   | Found Ufoep's Gadget Emporium.
 25134 | Bazaar   | Found Duemyrgh's Antique Armour Shoppe.
 25145 | Bazaar   | Found Ulemestro's Magic Scroll Shoppe.
 25156 | Bazaar   | Bought a scroll of enchant armour for 90 gold pieces
 25156 | Bazaar   | Bought a scroll of enchant armour for 90 gold pieces
 25156 | Bazaar   | Bought a scroll of enchant armour for 90 gold pieces
 25176 | Bazaar   | Bought a fan of gales for 360 gold pieces
 25184 | Bazaar   | Bought a potion of might for 52 gold pieces
 25184 | Bazaar   | Bought a potion of curing for 39 gold pieces
 25184 | Bazaar   | Bought a potion of haste for 130 gold pieces
 25627 | Vaults:2 | Reached skill level 7 in Evocations
 25773 | Vaults:2 | Received a gift from Okawaru
 25790 | Vaults:2 | Identified the +0 helmet "Etriv" {rElec rPois} (Okawaru gifted it to you on level 2 of the Vaults)
 26071 | Vaults:2 | Noticed Margery
 26087 | Vaults:2 | Killed Margery
 26406 | Vaults:2 | Reached skill level 8 in Evocations
 26469 | Vaults:3 | Received a gift from Okawaru
 26508 | Vaults:3 | Found Zes Vod's General Store.
 26544 | Vaults:3 | Noticed Verendum's ghost (adept GrAK)
 26550 | Vaults:3 | Reached skill level 13 in Armour
 26550 | Vaults:3 | Reached skill level 12 in Invocations
 26562 | Vaults:3 | Killed Verendum's ghost
 26594 | Vaults:3 | Reached skill level 24 in Fighting
 26613 | Vaults:3 | Found Juadoat's Antique Armour Emporium.
 26621 | Vaults:3 | Bought a twisted cloak for 370 gold pieces
 26621 | Vaults:3 | Identified the +0 cloak of the Sailor {*Drain rN+ MR++ Str-5} (You bought it in a shop on level 3 of the Vaults)
 26800 | Vaults:3 | Noticed Jory
 26816 | Vaults:3 | Killed Jory
 26816 | Vaults:3 | Reached XP level 21. HP: 149/214 MP: 30/30
 26935 | Vaults:3 | Received a gift from Okawaru
 26946 | Vaults:3 | Found a staircase to the Crypt.
 27124 | Vaults:3 | Found Balao's Gadget Shop.
 27283 | Vaults:3 | Reached skill level 9 in Evocations
 27334 | Vaults:3 | Received a gift from Okawaru
 27365 | Vaults:3 | Reached skill level 13 in Invocations
 27428 | Vaults:3 | Found Veiprism's Magic Scroll Shop.
 27560 | Vaults:3 | Found Niyficwi's Weapon Emporium.
 27751 | Depths:1 | Entered Level 1 of the Depths
 27799 | Depths:1 | Noticed Nikola
 27814 | Depths:1 | Killed Nikola
 27956 | Depths:1 | Found Guana's Demolitions Depot.
 28030 | Depths:1 | Reached skill level 14 in Armour
 28291 | Depths:2 | Received a gift from Okawaru
 28477 | Depths:2 | Reached skill level 25 in Fighting
 28491 | Depths:2 | Reached skill level 10 in Evocations
 28521 | Depths:2 | Found an opulent altar of Gozag.
 28562 | Depths:2 | Found Eueg's Eclectic Emporium.
 28640 | Depths:2 | Bought a scroll of enchant weapon for 172 gold pieces
 28689 | Depths:2 | Reached skill level 14 in Invocations
 28697 | Depths:2 | Reached XP level 22. HP: 113/226 MP: 32/32
 29082 | Depths:2 | Found a gateway to a ziggurat.
 29083 | Depths:2 | Noticed Mara
 29086 | Depths:2 | Noticed glosham's illusion
 29093 | Depths:2 | Killed Mara
 29207 | Depths:2 | Received a gift from Okawaru
 29437 | Depths:3 | Reached skill level 15 in Armour
 29478 | Depths:3 | Received a gift from Okawaru
 29479 | Depths:3 | Identified the +3 pair of gloves of Olutyir {rN+ rCorr Str-2} (Okawaru gifted it to you on level 3 of the Depths)
 29504 | Depths:3 | Noticed Mennas
 29511 | Depths:3 | Reached skill level 15 in Invocations
 29531 | Depths:3 | Killed Mennas
 29559 | Depths:3 | Reached skill level 26 in Fighting
 29583 | Depths:3 | Noticed a golden dragon
 29594 | Depths:3 | Killed a golden dragon
 29879 | Depths:3 | Found a one-way gate leading to the halls of Pandemonium.
 29941 | Depths:3 | Noticed Xtahua
 29947 | Depths:3 | Killed Xtahua
 29947 | Depths:3 | Received a gift from Okawaru
 30016 | Depths:3 | Found a one-way gate to the infinite horrors of the Abyss.
 30208 | Depths:3 | Voluntarily entered the Abyss.
 30331 | Abyss:1  | Reached XP level 23. HP: 151/238 MP: 34/34
 30428 | Abyss:1  | Found a deep blue altar of Sif Muna.
 30570 | Abyss:1  | Reached skill level 16 in Invocations
 30845 | Abyss:2  | Found a corrupted altar of Lugonu.
 31088 | Abyss:3  | Received a gift from Okawaru
 31119 | Abyss:3  | Reached skill level 16 in Armour
 31242 | Abyss:3  | Found a corrupted altar of Lugonu.
 31302 | Abyss:3  | Reached skill level 27 in Fighting
 31381 | Abyss:3  | Got an abyssal rune of Zot
 31460 | Depths:3 | Escaped the Abyss
 31830 | Elf:3    | You showed the abyssal rune of Zot to enter a treasure trove
 31831 | Trove    | Entered a treasure trove
 31837 | Trove    | Found the ring of the Mage {Wiz MR++ Int+3}
 31853 | Trove    | Identified the +5 acid dragon scales "Quisetsi" {Regen+ rCorr MP+9} (You found it in a treasure trove)
 31854 | Trove    | Identified the ring of Diluf {*Slow Int+2 Dex+4 SInv} (You found it in a treasure trove)
 31855 | Trove    | Identified the amulet of Purhukow {RegenMP rElec rC+ rN+ Str-2} (You found it in a treasure trove)
 32436 | Slime:1  | Entered Level 1 of the Pits of Slime
 32528 | Slime:2  | Reached skill level 5 in Dodging
 32738 | Slime:3  | Received a gift from Okawaru
 32791 | Slime:4  | Reached skill level 17 in Armour
 32794 | Slime:5  | Entered Level 5 of the Pits of Slime
 32927 | Slime:5  | Reached skill level 6 in Dodging
 32928 | Slime:5  | Gained mutation: Scrolls take you a little longer to read. [a shining eye]
 33133 | Slime:4  | Reached XP level 24. HP: 172/249 MP: 35/35
 33157 | Slime:5  | Noticed the Royal Jelly
 33179 | Slime:5  | Found a viscous altar of Jiyva.
 33238 | Slime:5  | Killed the Royal Jelly
 33238 | Slime:5  | Received a gift from Okawaru
 33238 | Slime:5  | Reached skill level 18 in Armour
 33238 | Slime:5  | Reached skill level 7 in Dodging
 33279 | Slime:5  | Got a slimy rune of Zot
 33301 | Slime:5  | Identified the cursed +1 hand axe "Hobaoch" {chop, Str+2} (You found it on level 5 of the Pits of Slime)
 33304 | Slime:5  | Identified the +5 dagger of Goux {pierce, Dex+5} (You found it on level 5 of the Pits of Slime)
 33734 | D:15     | Lost mutation: Scrolls take you a little longer to read. [potion of mutation]
 33734 | D:15     | Gained mutation: You are frail. (-10% HP) [potion of mutation]
 33734 | D:15     | Gained mutation: Your system is resistant to poisons. (rPois) [potion of mutation]
 33735 | D:15     | Lost mutation: You are frail. (-10% HP) [potion of mutation]
 33735 | D:15     | Lost mutation: Your system is resistant to poisons. (rPois) [potion of mutation]
 33735 | D:15     | Gained mutation: You have a beak for a mouth. [potion of mutation]
 33735 | D:15     | Gained mutation: Your body sometimes deteriorates upon taking damage. [potion of mutation]
 33735 | D:15     | Gained mutation: Your system is resistant to poisons. (rPois) [potion of mutation]
 33759 | D:15     | Learned a level 3 spell: Portal Projectile
 33793 | Depths:2 | Bought a potion of experience for 1150 gold pieces
 33793 | Depths:2 | Reached skill level 3 in Spellcasting
 33793 | Depths:2 | Reached skill level 1 in Earth Magic
 33793 | Depths:2 | Reached XP level 25. HP: 257/257 MP: 11/35
 34005 | Temple   | Entered the Ecumenical Temple
 34050 | Temple   | Fell from the grace of Okawaru
 34050 | Temple   | Became a worshipper of the Shining One
 34365 | Crypt:1  | Entered Level 1 of the Crypt
 34367 | Crypt:1  | Reached skill level 8 in Dodging
 34377 | Crypt:1  | Reached * piety under the Shining One
 34422 | Crypt:1  | Reached skill level 1 in Stealth
 34440 | Crypt:1  | Reached ** piety under the Shining One
 34470 | Crypt:1  | Reached skill level 2 in Stealth
 34514 | Crypt:1  | Identified the cursed +0 robe "Pyegh" {rPois Regen+ Int+3} (You took it off a skeletal warrior on level 1 of the Crypt)
 34518 | Crypt:1  | Reached *** piety under the Shining One
 34605 | Crypt:1  | Reached **** piety under the Shining One
 34614 | Crypt:1  | Reached skill level 3 in Stealth
 34676 | Crypt:1  | Reached skill level 9 in Dodging
 34730 | Crypt:1  | Identified the ring "Wadiklau" {rCorr MR+} (You found it on level 1 of the Crypt)
 34755 | Crypt:1  | Found a magical portal.
 34767 | WizLab   | Entered Zonguldrok's Shrine
 34824 | WizLab   | Reached ***** piety under the Shining One
 35089 | WizLab   | Reached skill level 4 in Stealth
 35117 | WizLab   | Noticed an antique lich
 35124 | WizLab   | Killed an antique lich
 35124 | WizLab   | Reached ****** piety under the Shining One
 35124 | WizLab   | Reached skill level 17 in Invocations
 35125 | WizLab   | Identified a +9 executioner's axe of holy wrath (a +7 executioner's axe of chopping blessed by the Shining One)
 35125 | WizLab   | Received a gift from the Shining One
 35146 | WizLab   | Found the +9 sword of Zonguldrok {reap}
 35226 | Crypt:2  | Reached skill level 5 in Stealth
 35228 | Crypt:2  | Noticed Boris
 35241 | Crypt:2  | Killed Boris
 35291 | Crypt:2  | Noticed Donald
 35303 | Crypt:2  | Killed Donald
 35423 | Crypt:3  | Entered Level 3 of the Crypt
 35457 | Crypt:3  | Reached skill level 10 in Dodging
 35457 | Crypt:3  | Reached skill level 6 in Stealth
 35543 | Crypt:3  | Found a basalt altar of Yredelemnul.
 35552 | Crypt:3  | Reached XP level 26. HP: 266/266 MP: 35/35
 35569 | Crypt:3  | Reached skill level 18 in Invocations
 35671 | Crypt:3  | Reached skill level 7 in Stealth
 35709 | Crypt:3  | Noticed Bai Suzhen
 35721 | Crypt:3  | Killed Bai Suzhen
 35843 | Crypt:3  | Reached skill level 8 in Stealth
 35895 | Crypt:3  | Reached skill level 11 in Dodging
 35897 | Crypt:3  | Identified the +1 leather armour of the Unstoppable Queens {Int+4} (You took it off a skeletal warrior on level 3 of the Crypt)
 35902 | Crypt:3  | Found a staircase to the Tomb.
 35916 | Tomb:1   | Entered Level 1 of the Tomb of the Ancients
 35936 | Tomb:1   | Noticed Khufu
 35937 | Tomb:1   | Noticed a greater mummy
 35939 | Tomb:1   | Noticed a greater mummy
 35944 | Tomb:1   | Killed Khufu
 35948 | Tomb:1   | Killed a greater mummy
 35948 | Tomb:1   | Reached skill level 19 in Invocations
 36087 | Tomb:1   | Killed a greater mummy
 36238 | Tomb:1   | Reached skill level 9 in Stealth
 36448 | Tomb:1   | Noticed Jorgrun
 36454 | Tomb:1   | Noticed a greater mummy
 36460 | Tomb:1   | Noticed a greater mummy
 36460 | Tomb:1   | Killed Jorgrun
 36470 | Tomb:1   | Killed a greater mummy
 36476 | Tomb:1   | Killed a greater mummy
 36626 | Tomb:1   | Reached skill level 12 in Dodging
 36628 | Tomb:1   | Noticed a greater mummy
 36640 | Tomb:1   | Killed a greater mummy
 36640 | Tomb:1   | Reached skill level 10 in Stealth
 36640 | Tomb:1   | Reached XP level 27. HP: 109/273 MP: 23/36
 37041 | Vaults:4 | Reached skill level 20 in Invocations
 37112 | Vaults:5 | Entered Level 5 of the Vaults
 37259 | Vaults:5 | Found the ring of the Octopus King
 37298 | Vaults:5 | Identified a ring of the Octopus King {rF+ AC+1 EV+1 Str+1 Int+1 Dex+1} (You found it on level 5 of the Vaults)
 37450 | Vaults:5 | Identified the +5 plate armour "Tanar" {-Cast rF++ MR+ Int+3 Stlth+} (You found it on level 5 of the Vaults)
 37456 | Vaults:5 | Identified the +0 plate armour of Laoxu {MR+ rCorr Stlth+} (You found it on level 5 of the Vaults)
 37462 | Vaults:5 | Learned a level 4 spell: Passage of Golubria
 37479 | Vaults:5 | Reached skill level 11 in Stealth
 37606 | Vaults:5 | Got a silver rune of Zot
 37669 | Vaults:5 | Reached skill level 13 in Dodging
 37673 | Vaults:5 | Reached skill level 21 in Invocations
 37701 | Vaults:5 | Identified the ring of Zyriewatu {rF+ SInv} (You took it off an entropy weaver on level 5 of the Vaults)
 37840 | Vaults:5 | Found Huippip's Antique Armour Boutique.
 38017 | Vaults:5 | Reached skill level 19 in Armour
 38119 | Vaults:5 | Identified the amulet "Huappiy" {Spirit +Fly MR+ Int+5 Slay-5} (You found it on level 5 of the Vaults)
 38302 | Vaults:3 | Was forgiven by Okawaru
 38565 | Tomb:2   | Noticed a greater mummy
 38565 | Tomb:2   | Noticed a greater mummy
 38565 | Tomb:2   | Reached skill level 12 in Stealth
 38567 | Tomb:2   | Noticed a greater mummy
 38568 | Tomb:2   | Noticed a greater mummy
 38583 | Tomb:2   | Killed a greater mummy
 38586 | Tomb:2   | Killed a greater mummy
 38591 | Tomb:2   | Killed a greater mummy
 38593 | Tomb:2   | Killed a greater mummy
 38814 | Tomb:2   | Reached skill level 22 in Invocations
 38951 | Tomb:3   | Entered Level 3 of the Tomb of the Ancients
 38955 | Tomb:3   | Noticed a greater mummy
 38956 | Tomb:3   | Noticed a greater mummy
 38957 | Tomb:3   | Noticed a greater mummy
 38958 | Tomb:3   | Noticed a greater mummy
 38961 | Tomb:3   | Got a golden rune of Zot
 38964 | Tomb:3   | Noticed a greater mummy
 38967 | Tomb:3   | Noticed a greater mummy
 38967 | Tomb:3   | Noticed a greater mummy
 38969 | Tomb:3   | Noticed a greater mummy
 38969 | Tomb:3   | Reached skill level 14 in Dodging
 38971 | Tomb:3   | Reached skill level 13 in Stealth
 39400 | Vaults:3 | Bought a scroll of magic mapping for 59 gold pieces
 39400 | Vaults:3 | Bought a scroll of fog for 34 gold pieces
 39649 | Orc:2    | Bought 2 potions of mutation for 608 gold pieces
 39649 | Orc:2    | Bought a potion of heal wounds for 190 gold pieces
 39691 | Orc:2    | Bought a potion of curing for 42 gold pieces
 39691 | Orc:2    | Bought 2 potions of haste for 280 gold pieces
 39691 | Orc:2    | Bought a potion of curing for 42 gold pieces
 39691 | Orc:2    | Bought a potion of curing for 42 gold pieces
 39691 | Orc:2    | Bought a potion of haste for 140 gold pieces
 39691 | Orc:2    | Bought a potion of heal wounds for 70 gold pieces
 39691 | Orc:2    | Bought a potion of ambrosia for 112 gold pieces
 39691 | Orc:2    | Bought a potion of haste for 140 gold pieces
 39691 | Orc:2    | Bought a potion of heal wounds for 70 gold pieces
 39942 | Depths:1 | Bought a manual of Evocations for 2428 gold pieces
 40014 | Pan      | Entered Pandemonium
 40184 | Pan      | Noticed Elolob the pandemonium lord
 40205 | Pan      | Killed Elolob the pandemonium lord
 40205 | Pan      | Reached skill level 11 in Evocations
 40235 | Pan      | Reached skill level 12 in Evocations
 40251 | Pan      | Gained mutation: Your body often deteriorates upon taking damage. [a cacodemon]
 40256 | Pan      | Found an exit through the horrors of the Abyss.
 40320 | Pan      | Noticed Cimiomov the pandemonium lord
 40408 | Pan      | Reached skill level 13 in Evocations
 40592 | Pan      | Reached skill level 14 in Evocations
 40604 | Pan      | Found a glowing silver altar of Zin.
 40839 | Pan      | Reached skill level 15 in Evocations
 41025 | Pan      | Found a white marble altar of Elyvilon.
 41683 | Pan      | Reached skill level 23 in Invocations
 41712 | Pan      | Noticed a seraph
 41724 | Pan      | HP: 26/273 [seraph/great sword of flaming (2)]
 41743 | Pan      | Killed a seraph
 41769 | Pan      | Found a glowing golden altar of the Shining One.
 41776 | Pan      | Identified Viaxzae's Handbook of Companions and Curses
 41778 | Pan      | Identified Lyniynu's Catalogue of Glacial Black Secrets
 41779 | Pan      | Got a demonic rune of Zot
 41865 | Depths:3 | Escaped Pandemonium
 41880 | Pan      | Entered the realm of Lom Lobon.
 41880 | Pan      | Entered Pandemonium
 41939 | Pan      | Found an exit through the horrors of the Abyss.
 41970 | Pan      | Reached skill level 14 in Stealth
 42124 | Pan      | Learned a level 5 spell: Aura of Abjuration
 42138 | Pan      | Noticed Lom Lobon
 42146 | Pan      | Reached skill level 1 in Summonings
 42157 | Pan      | Killed Lom Lobon
 42157 | Pan      | Reached skill level 4 in Summonings
 42184 | Pan      | Got a magical rune of Zot
 42236 | Pan      | Reached skill level 5 in Summonings
 42285 | Pan      | Reached skill level 6 in Summonings
 42383 | Pan      | Entered the realm of Cerebov.
 42427 | Pan      | Reached skill level 7 in Summonings
 42484 | Pan      | Identified the +1 scale mail of Resourcefulness {Str+3 Int+4 Slay+2} (You found it in Pandemonium)
 42598 | Pan      | Identified the Reference Book on the Entourage and Transmigration
 42651 | Pan      | Reached skill level 8 in Summonings
 42827 | Pan      | Noticed Cerebov
 42839 | Pan      | Reached skill level 9 in Summonings
 42850 | Pan      | Killed Cerebov
 42850 | Pan      | Reached skill level 10 in Summonings
 42902 | Pan      | Got a fiery rune of Zot
 43186 | Pan      | Reached skill level 24 in Invocations
 43296 | Pan      | Found an exit through the horrors of the Abyss.
 43368 | Pan      | Entered the realm of Gloorx Vloq.
 43393 | Pan      | Noticed Gloorx Vloq
 43406 | Pan      | HP: 23/271 [Gloorx Vloq/poison arrow (7)]
 43414 | Pan      | HP: 20/273 [Executioner[Gloorx Vloq] (19)]
 43415 | Pan      | The Shining One protects you from harm!
 43418 | Pan      | HP: 4/272 [Executioner[Gloorx Vloq] (15)]
 43419 | Pan      | Demolished by an Executioner

Skill      XL: |  1  2  3  4  5  6  7  8  9 10 11 12 13 14 15 16 17 18 19 20 21 22 23 24 25 26 27 |
---------------+----------------------------------------------------------------------------------+-----
Fighting       | 2 3 4 5 6 8 11 13 16 19 21 22 24 25 26 27 | 27.0
Armour         | 1 2 3 6 7 9 10 11 13 14 15 17 18 19 | 19.1
Axes           | 4 5 11 15 18 21 22 24 26 27 | 27.0
Invocations    | 3 7 10 11 12 14 15 16 17 19 24 | 24.7
Dodging        | 3 4 6 7 10 12 14 | 14.9
Translocations | 10 | 10.9
Spellcasting   | 2 3 |  3.0
Evocations     | 6 8 10 15 | 15.8
Earth Magic    | 1 |  1.8
Stealth        | 6 10 14 | 14.1
Summonings     | 10 | 10.6
Short Blades   | |  1.0

Action                   |  1- 3 |  4- 6 |  7- 9 | 10-12 | 13-15 | 16-18 | 19-21 | 22-24 | 25-27 || total
-------------------------+-------+-------+-------+-------+-------+-------+-------+-------+-------++-------
Melee: Short sword       |    12 |       |   388 |   645 |       |       |       |       |       ||  1045
       Whip              |    54 |   241 |    19 |       |       |       |       |       |       ||   314
       Executioner's axe |       |       |       |   141 |   919 |   935 |  1104 |   952 |  2101 ||  6152
       Battleaxe         |       |       |       |    30 |    33 |       |       |       |       ||    63
       Great mace        |       |       |       |    10 |       |       |       |       |       ||    10
       Peck              |       |       |       |       |       |       |       |       |   533 ||   533
Throw: Throwing net      |       |       |       |     1 |       |       |       |       |       ||     1
 Cast: Apportation       |       |       |       |       |       |    10 |    77 |   109 |   212 ||   408
       Blink             |       |       |       |       |       |       |       |     1 |    10 ||    11
       Passwall          |       |       |       |       |       |       |       |       |     8 ||     8
       Portal Projectile |       |       |       |       |       |       |       |       |     1 ||     1
       Passage of Golubr |       |       |       |       |       |       |       |       |     4 ||     4
       Aura of Abjuratio |       |       |       |       |       |       |       |       |     1 ||     1
Invok: Heroism           |       |       |       |     4 |     6 |    25 |    25 |    23 |       ||    83
       Finesse           |       |       |       |     1 |       |    10 |     8 |    10 |       ||    29
       Divine Shield     |       |       |       |       |       |       |       |       |    26 ||    26
       Brand Weapon With |       |       |       |       |       |       |       |       |     1 ||     1
       Cleansing Flame   |       |       |       |       |       |       |       |       |     6 ||     6
       Summon Divine War |       |       |       |       |       |       |       |       |     1 ||     1
 Abil: Evoke Flight      |       |       |       |       |       |     1 |       |     3 |     2 ||     6
       Stop Flying       |       |       |       |       |       |       |       |     1 |       ||     1
       Cancel Portal Pro |       |       |       |       |       |       |       |       |     1 ||     1
Evoke: Wand              |     8 |     8 |    16 |    44 |    13 |    27 |    13 |    21 |    15 ||   165
       Lightning rod     |       |       |       |       |     4 |       |       |       |       ||     4
       Box of beasts     |       |       |       |       |       |       |       |     3 |       ||     3
       Lamp of fire      |       |       |       |       |       |       |       |     1 |       ||     1
       Staff of energy   |       |       |       |       |       |       |       |       |    15 ||    15
       Sack of spiders   |       |       |       |       |       |       |       |       |     1 ||     1
       Phantom mirror    |       |       |       |       |       |       |       |       |     1 ||     1
  Use: Scroll            |     1 |     9 |    11 |    15 |    19 |    12 |     9 |    13 |    35 ||   124
       Potion            |     1 |       |     1 |     6 |     1 |     3 |       |     9 |    21 ||    42
 Stab: Sleeping          |       |       |     3 |     1 |       |       |       |     1 |       ||     5
       Distracted        |       |       |     1 |       |       |       |       |       |       ||     1
       Held in net/web   |       |       |       |     2 |       |       |       |       |       ||     2
       Invisible         |       |       |       |     3 |       |       |       |     5 |       ||     8
  Eat: Chunk             |       |     5 |     4 |     8 |    21 |    18 |    20 |     8 |     8 ||    92
       Ration            |       |       |     4 |     6 |       |     1 |     2 |     4 |     9 ||    26
Armor: Leather armour    |    18 |       |       |       |       |       |       |       |       ||    18
       Ring mail         |    14 |    32 |       |       |       |       |       |       |       ||    46
       Chain mail        |       |    35 |       |    74 |       |       |       |       |       ||   109
       Plate armour      |       |    53 |   112 |   145 |   290 |   344 |   353 |   234 |       ||  1531
       Troll leather arm |       |       |    63 |    29 |       |     4 |       |       |       ||    96
       Acid dragon scale |       |       |       |       |       |       |       |    55 |   551 ||   606
Dodge: Dodged            |    46 |   100 |   346 |   562 |   583 |   415 |   651 |   566 |  1664 ||  4933
       Deflected         |       |       |       |       |       |       |       |     8 |    48 ||    56
Block: Other             |       |       |       |       |       |       |       |       |   450 ||   450

Table legend:
 A = Turns spent in this place as a percentage of turns spent in the entire game.
 B = Non-inter-level travel turns spent in this place as a percentage of non-inter-level travel turns spent in the entire game.
 C = Inter-level travel turns spent in this place as a percentage of turns spent in this place.
 D = Turns resting spent in this place as a percentage of non-inter-level travel turns spent in this place.
 E = Turns spent auto-exploring this place as a percentage of non-inter-level travel turns spent in this place.
 F = Non-inter-level travel turns spent in this place divided by the number of levels of this place that you've seen.
                   A       B       C       D       E      F
               +-------+-------+-------+-------+-------+----------------------
         Total | 100.0 | 100.0 |  17.3 |   1.4 |   0.7 | 485.3
       Dungeon |  30.0 |  27.2 |  25.0 |   0.8 |   0.9 | 651.1
        Temple |   0.1 |   0.1 |  22.0 |   0.0 |   0.0 |  46.0
          Lair |  10.1 |  10.3 |  14.9 |   1.2 |   0.0 | 619.2
         Swamp |   2.2 |   2.4 |  10.5 |   0.0 |   0.0 | 217.5
   Spider Nest |   2.8 |   3.1 |   8.7 |   0.0 |   0.0 | 275.8
    Slime Pits |   2.4 |   2.5 |  12.3 |   7.2 |   0.0 | 181.4
  Orcish Mines |   3.7 |   3.0 |  33.3 |   1.3 |   2.4 | 538.5
   Elven Halls |   9.8 |  10.3 |  13.3 |   4.0 |   2.6 | 1228.3
        Vaults |  11.1 |  11.3 |  16.2 |   0.7 |   0.0 | 809.4
         Crypt |   3.8 |   3.3 |  28.3 |   0.7 |   0.0 | 398.0
          Tomb |   3.4 |   2.9 |  28.8 |   0.8 |   5.4 | 347.0
        Depths |   6.2 |   6.1 |  17.7 |   2.9 |   0.0 | 734.3
         Abyss |   2.9 |   3.5 |   0.0 |   0.8 |   0.0 | 313.0
   Pandemonium |   7.8 |   9.4 |   0.0 |   0.4 |   0.0 | 308.2
        Bazaar |   0.2 |   0.3 |   0.0 |   0.0 |   0.0 |  98.0
         Trove |   0.1 |   0.1 |   0.0 |   0.0 |   0.0 |  53.0
         Sewer |   0.8 |   1.0 |   0.0 |   0.0 |   0.0 | 364.0
      Ice Cave |   1.6 |   1.9 |   0.0 |   5.6 |   0.0 | 698.0
        Wizlab |   0.9 |   1.1 |   0.0 |   0.0 |   0.0 | 404.0
               +-------+-------+-------+-------+-------+----------------------

Table legend:
 A = Kills in this place as a percentage of kills in entire the game.
 B = Kills by you in this place as a percentage of kills by you in the entire game.
 C = Kills by friends in this place as a percentage of kills by friends in the entire game.
 D = Other kills in this place as a percentage of other kills in the entire game.
 E = Experience gained in this place as a percentage of experience gained in the entire game.
 F = Experience gained in this place divided by the number of levels of this place that you have seen.
                   A       B       C       D       E      F
               +-------+-------+-------+-------+-------+----------------------
         Total | 100.0 | 100.0 | 100.0 | 100.0 | 100.0 | 22788.7
       Dungeon |  17.8 |  17.8 |  40.0 |   0.0 |   3.7 | 4204.5
          Lair |   5.7 |   5.7 |   0.0 |   0.0 |   2.8 | 7968.0
         Swamp |   2.8 |   2.8 |   0.0 |   0.0 |   1.9 | 8172.8
   Spider Nest |   3.4 |   3.4 |   0.0 |  33.3 |   3.0 | 12627.8
    Slime Pits |   3.9 |   3.8 |  30.0 |   0.0 |   4.8 | 16297.8
  Orcish Mines |   3.3 |   3.3 |   0.0 |   0.0 |   1.2 | 10167.5
   Elven Halls |   6.7 |   6.7 |   0.0 |   0.0 |   8.4 | 46971.3
        Vaults |  15.1 |  15.2 |   0.0 |   0.0 |  20.0 | 67290.2
         Crypt |   7.8 |   7.8 |   0.0 |  33.3 |   9.9 | 55549.3
          Tomb |   8.0 |   8.0 |   0.0 |  33.3 |  11.3 | 63580.0
        Depths |   6.7 |   6.8 |   0.0 |   0.0 |   9.8 | 55039.3
         Abyss |   5.9 |   6.0 |   0.0 |   0.0 |   3.6 | 15271.0
   Pandemonium |   9.0 |   8.9 |  30.0 |   0.0 |  18.1 | 27706.3
         Sewer |   1.7 |   1.8 |   0.0 |   0.0 |   0.0 | 309.0
      Ice Cave |   0.9 |   0.9 |   0.0 |   0.0 |   0.3 | 5154.0
        Wizlab |   1.3 |   1.3 |   0.0 |   0.0 |   1.1 | 19274.0
               +-------+-------+-------+-------+-------+----------------------

Vault maps used:
D:1:      dpeg_arrival_fog, minmay_tiny_reverse_x
D:2:      chequers_ecumenical_altar_twisty, uniq_robin, uniq_natasha
D:3:      led_sif_book, uniq_jessica
D:4:      first_ration, okawaru_trees_1, uniq_ijyb
D:5:      kennysheep_six_static_rooms, ashenzari_altar_1,
          minmay_temple_entry_statues, serial_shops, kennysheep_mini,
          portal_sewer_entry_b, serial_park_tiny_2
D:6:      serial_shops, kennysheep_little_box, sigmund_army
D:7:      nicolae_dithmenos_through_a_glass_darkly, minitemple, serial_shops,
          shop, grunt_ministairs_10, uniq_duvessa
D:8:      serial_shops, shop
D:9:      lemuel_doored_altar, david_lair_shrubbed, grunt_ogre_cave,
          cheibrodos_worm_habitat
D:10:     erik_orc_2, lemuel_statue_altar
D:11:     minmay_checkerbox
D:12:     serial_shops, shop
D:14:     hangedman_vaults_entry_quadrant_bands, basic_altar,
          minmay_crystal_water
D:15:     gammafunk_enter_depths_forms, minmay_misc_feat_x,
          lemuel_flamethrower_3
Temple:   dshaligram_water_room_temple
Lair:1:   uniq_gastronok
Lair:2:   tgw_fedhas, grunt_megastairs_1
Lair:3:   spider_nest_entry_web_field
Lair:4:   swamp_mist, minmay_stone_trees_small
Lair:5:   uniq_nessos
Lair:6:   evil_forest, dpeg_slime_entry_enclosed_altar, grunt_megastairs_3,
          infiniplex_staircase_pool
Swamp:1:  hangedman_swamp_lotus, uniq_josephine
Swamp:2:  evilmike_swamp_ruin_rubble_1
Swamp:3:  evilmike_swamp_ruin_house_4, uniq_aizul
Swamp:4:  swamp, swamp_pool3, nicolae_swamp_treefoil,
          infiniplex_staircase_pool_2
Spider:1: uniq_agnes
Spider:2: hangedman_spider_tarantella_strand
Spider:3: lemuel_spider_zombies, uniq_asterion
Spider:4: grunt_spider_rune_circles
Slime:2:  nicolae_slime_phagocytosis
Slime:3:  cheibrodos_slime_lost_civilization_9,
          cheibrodos_slime_lost_civilization_5
Orc:1:    portal_ice_cave_entry_imps
Orc:2:    st_orc_open, serial_shops, shop, shop, basic_altar
Elf:1:    minivault_28, kilobyte_mutagenic_chamber, uniq_azrael
Elf:2:    serial_shops, nicolae_shop_stone, minmay_shop_grid_forest,
          minivault_14, nrook_loot_triangle, roderic_roman_lattice,
          minmay_misc_feat_ornament, nrook_mini_backslash
Elf:3:    minmay_elf_hall_circle, serial_shops, shop, shop,
          nicolae_shop_behind_doors, nicolae_shop_window_shopping,
          serial_sigils, serial_sigils_hangedman_clutch,
          serial_sigils_hangedman_confine, serial_sigils_hangedman_writhe,
          trove_entry_hex_spiral, uniq_saint_roka
Vaults:1: vaults_room_door_ring, st_cells, v_misc_15,
          nicolae_vaults_twisting_passages, v_misc_12,
          nicolae_vaults_border_crossing, nicolae_vaults_ninety_degrees,
          vaults_mumra_chevron, v_misc_2, nicolae_vaults_stairing_the_circle,
          nicolae_vaults_little_squares_6, serial_shops, bzr_firewalk
Vaults:2: v_alt_pattern_5, hangedman_vaults_restitches, nicolae_vaults_big_ls,
          v_misc_2, v_alt_pattern_6, vaults_mumra_hex,
          nicolae_vaults_diagonal_hallway_7, vaults_room_semicircle,
          uniq_margery
Vaults:3: nicolae_vaults_shelves_hall, ontoclasm_vaults_tryst,
          minmay_crypt_entry_vampire_xt, st_smaller_cells, v_misc_26,
          vaults_room_boxed, v_misc_25, ontoclasm_vaults_chip, vaults_room_pool,
          serial_shops, shop_fountains, nicolae_shop_waterfront,
          nicolae_shop_behind_doors, nicolae_shop_waterfront, shop_fountains,
          uniq_jory
Vaults:4: vaults_room_pools, ontoclasm_vaults_eye,
          vaults_room_hangedman_quadrants, v_misc_11, vaults_standard_mumra_x,
          v_misc_10, hangedman_vaults_cutoff, v_misc_15, vaults_dpeg_hooks
Crypt:1:  mu_enter_wizlab_5
Crypt:2:  item_on_display_a, uniq_boris, uniq_donald
Crypt:3:  grunt_crypt_end_deaths_head, uniq_bai_suzhen
Tomb:1:   uniq_jorgrun, uniq_khufu
Depths:1: hangedman_decor_slide_cut, hell_entry, minmay_misc_feat_rows,
          nicolae_blasting_shop, uniq_nikola, uniq_mara
Depths:2: kennysheep_ogre_elephant_herders, enter_ziggurat_c, basic_altar,
          pf_coc_iceberg, minmay_misc_feat_roman, minmay_misc_feat_plants,
          nicolae_alphabet_shops, infiniplex_staircase_9_rooms, firewood_loft
Depths:3: minmay_curly_fans, grunt_pan_entry_zigzag, pf_hell_entry_tar_river,
          abyss_entry, serial_bayou_shore_b, uniq_mennas, uniq_xtahua
Abyss:1:  guppyfry_abyss_exit_glass_guarded
Abyss:2:  evilmike_abyss_exit_1
Abyss:3:  hangedman_abyss_monster_moat
Abyss:4:  evilmike_abyss_exit_2, hangedman_abyss_or_decor_passed
Pan:      evilmike_mini_pan_other_thingy, nicolae_pan_glass_arcs, rand_demon_8,
          pan_blood_fountain_small, rand_demon_4, evilmike_mini_pan_pillars_b,
          nicolae_pan_sigil_itan, evilmike_holy_pan, lom_lobon_st,
          grunt_pan_frozen_over, cerebov_st, lemuel_hellion_island,
          gloorx_vloq_grunt_torture_chamber, pan_blood_fountain_2,
          nicolae_pan_gloorx_vloqian_2
Bazaar:   bazaar_kb_twisted_cavern
Trove:    trove_simple
Sewer:    sewer_minmay_treatment
IceCv:    ice_cave_small_demon
WizLab:   wizlab_zonguldrok
